 Dungeon Crawl Stone Soup version 0.21.1-1-g345015f (webtiles) character file.

1430 Monsterracer the Bolt Thrower (level 9, 0/68 HPs)
             Began as a Formicid Wanderer on May 3, 2018.
             Was a Follower of Zin.
             Slain by a jackal (2 damage)
             ... on level 8 of the Dungeon.
             The game lasted 00:15:33 (7306 turns).

Monsterracer the Bolt Thrower (Formicid Wanderer)   Turns: 7306, Time: 00:15:34

Health: 0/68       AC: 10    Str: 16    XL:     9   Next: 3%
Magic:  10/10      EV: 12    Int: 15    God:    Zin [*.....]
Gold:   222        SH:  0    Dex: 11    Spells: 7/10 levels left

rFire    . . .     SeeInvis +   b - +1 flail (protect)
rCold    . . .     Gourm    .   (no shield)
rNeg     . . .     Faith    .   x - +3 ring mail
rPois    .         Spirit   .   (helmet unavailable)
rElec    .         Reflect  .   n - +0 cloak
rCorr    .         Harm     .   (no gloves)
MR       .....                  (no boots)
Stlth    +.........             (no amulet)
HPRegen  0.21/turn              u - ring of teleportation (curse)
MPRegen  0.12/turn              (no ring)

@: no status effects
A: permanent stasis, dig shafts and tunnels, four strong arms, antennae 3
a: Dig, Shaft Self, Recite, Donate Gold, Renounce Religion


You were on level 8 of the Dungeon.
You worshipped Zin.
Zin was aware of your devotion.
You were hungry.

You visited 2 branches of the dungeon, and saw 9 of its levels.
You also visited: Sewer.

You collected 246 gold pieces.
You donated 24 gold pieces to Zin.

Inventory:

Hand Weapons
 a - a +1 hand crossbow
 b - a +1 flail of protection (weapon)
Missiles
 f - 46 bolts
Armour
 j - a +2 chain mail of cold resistance
 n - a +0 cloak (worn)
 x - a +3 ring mail (worn)
Jewellery
 u - a cursed ring of teleportation (left hand)
Wands
 g - a wand of acid (7)
 v - a wand of digging (10)
Scrolls
 e - 3 scrolls of amnesia
 h - 4 scrolls of remove curse
 i - 2 scrolls of enchant armour
 q - a scroll of magic mapping {!r}
 t - a scroll of fear {!r}
Potions
 d - 5 potions of heal wounds
 k - 6 potions of brilliance
 l - 3 potions of flight
 m - a potion of invisibility
 o - 3 potions of curing {unknown}
 p - a potion of agility
 r - 2 potions of lignification {unknown}
 s - 2 potions of degeneration {unknown}
Comestibles
 c - 7 rations


   Skills:
 + Level 5.0 Fighting
 + Level 1.9(2.1) Maces & Flails
   Level 1.2(1.7) Staves
 * Level 6.5 Crossbows
 + Level 5.5 Armour
 + Level 3.4 Dodging
   Level 2.4 Shields
 - Level 1.1 Spellcasting
 - Level 2.4 Earth Magic
 + Level 2.5 Invocations


You had 7 spell levels left.
You knew the following spells:

 Your Spells              Type           Power        Failure   Level  Hunger
c - Stone Arrow           Conj/Erth      #.....       63%         3    ####...


Dungeon Overview and Level Annotations

Branches:
Dungeon (7/15)             Temple (1/1) D:5

Altars:
Ashenzari
Dithmenos
Elyvilon
Fedhas
Gozag
Hepliaklqana
Kikubaaqudgha
Makhleb
Nemelex Xobeh
Okawaru
Ru
Sif Muna
Trog
Uskayaw
Vehumet
Xom
Yredelemnul
Zin
The Shining One


Innate Abilities, Weirdness & Mutations

You cannot be hasted, slowed, berserked, paralysed or teleported.
You can dig through walls and to a lower floor.
Your four strong arms can wield two-handed weapons with a shield.
You have a pair of large antennae on your head. (SInv)


Message History

You hit the crimson imp.
The crimson imp is almost dead.
The crimson imp misses you.
You closely miss the crimson imp.
The crimson imp is almost dead.
The crimson imp barely misses you.
You completely miss the crimson imp.
The crimson imp is severely wounded.
The crimson imp closely misses you.
The crimson imp hits you but does no damage.
You closely miss the crimson imp.
The crimson imp is severely wounded.
The crimson imp hits you but does no damage.
You sock the crimson imp!
Your weapon exudes an aura of protection.
You kill the crimson imp!
No target in view!
There is a stone staircase leading up here.
No target in view!
Items here: ( ) [ † a broad axe; 2 exploding tomahawks; a leather armour; an orc corpse Health restored: 68
There is a stone staircase leading up here.
Found a dagger.
f - 43 bolts (gained 1)
f - 44 bolts (gained 1)
f - 45 bolts (gained 1)
f - 46 bolts (gained 1)
You sense a monster nearby.
All of the chunks of flesh in your inventory have rotted away.
There is a stone staircase leading down here.
You climb downwards.
There is a stone staircase leading up here.
You sense a monster nearby.
No target in view!
An orc comes into view. It is wielding a short sword.
The orc shouts!
You sock the orc!
Your weapon exudes an aura of protection.
You kill the orc!
No target in view!
You sense a monster nearby.
You sense a monster nearby.
You sense a monster nearby.
You sense a monster nearby.
You open the door.
A hippogriff, 4 orcs and a shadow imp come into view.
The orc wizard shouts!
The orc priest shouts! x2; The orc shouts!
The shadow imp shouts, "Flee, thou euchred fly-bitten lout!"
You hear a chilling moan.
You hear a shout!
The orc priest mumbles some strange prayers to Beogh against you.
Beogh smites you!
You hear a shout!
An orc priest comes into view. It is wielding a mace.
The orc priest shouts!
An orc, a crimson imp and a quasit come into view.
You take 10 damage, and have 58/68 hp.
The orc priest invokes the aid of Beogh against you.
Beogh smites you!
You hear a shout!
You take 13 damage, and have 45/68 hp.
The orc wizard casts a spell at you. The puff of flame hits you!
You take 7 damage, and have 38/68 hp.
The orc wizard casts a spell at you. The puff of flame hits you!
* * * LOW HITPOINT WARNING * * *
You take 6 damage, and have 32/68 hp.
There is a stone staircase leading up here.
You climb upwards.
The troll closely misses you.
The troll claws you but does no damage. x2; The troll barely misses you. x2
The troll misses you.
There is a stone staircase leading down here.
The troll barely misses you. The troll closely misses you.
The troll claws you but does no damage.
There is a stone staircase leading up here.
The troll closely misses you. The troll barely misses you.
The troll closely misses you.
You climb upwards.
There is a stone staircase leading down here.
You can't shaft yourself on this terrain.
Are you sure you want to shaft yourself?
You are feeling hungry.
The troll bites you!
* * * LOW HITPOINT WARNING * * *
The troll closely misses you. The troll claws you but does no damage.
You begin to dig a shaft.
You continue digging a shaft.
The troll bites you!
* * * LOW HITPOINT WARNING * * *
The troll claws you!
* * * LOW HITPOINT WARNING * * *
The troll claws you but does no damage. A shaft appears beneath you!
You fall through a shaft for 3 floors!
The shaft crumbles and collapses.
An adder and 4 jackals come into view.
The adder hisses angrily.
The jackal barks! x3
You take 33 damage, and have 2/68 hp.
MASSIVE DAMAGE!!
The jackal bites you.
You die...

...
#.#
#.#
#.#
#.####
#....#
#.h..#
#@h..#
#....#
##h..#
#..h#
#.S.#
#...#
#####


You could see an adder and 4 jackals.

Vanquished Creatures
  Prince Ribbit (D:5)
  A sky beast (D:5)
  An ice beast (D:6)
  2 ogres
  A bullfrog (D:6)
  A howler monkey (D:3)
  A crimson imp (D:6)
  A hound (D:5)
  2 orc priests
  Crazy Yiuf (D:4)
  4 orc wizards
  A bullfrog skeleton (D:4)
  A gnoll shaman (D:5)
  4 iguanas
  4 worker ants
  2 hound skeletons
  7 adders
  2 adder skeletons (D:4)
  A worm (D:4)
  A dart slug (D:3)
  2 leopard geckos
  28 orcs
  8 ball pythons
  8 bats
  3 giant cockroaches
  7 goblins
  3 hobgoblins
  17 jackals
  6 quokkas
  A ball python skeleton (D:5)
  7 frilled lizards
  10 kobolds
  11 rats
  2 plants (Sewer)
152 creatures vanquished.

Vanquished Creatures (others)
  A plant (Sewer)
1 creature vanquished.

Grand Total: 153 creatures vanquished

Notes
Turn   | Place    | Note
-------+----------+-------------------------------------------
     0 | D:1      | Monsterracer the Formicid Wanderer began the quest for the Orb.
     0 | D:1      | Monsterracer set off with: a +2 scale mail, a +0 hand crossbow, a ration, Sif Muna's Compendium of Stones, 23 bolts
     0 | D:1      | Reached XP level 1. HP: 16/16 MP: 2/2
     0 | D:1      | Identified Sif Muna's Compendium of Stones
   112 | D:1      | Reached skill level 1 in Crossbows
   179 | D:1      | Reached XP level 2. HP: 20/22 MP: 3/3
   420 | D:1      | Reached skill level 2 in Crossbows
   753 | D:1      | Reached XP level 3. HP: 22/27 MP: 4/4
   827 | D:1      | Learned a level 3 spell: Stone Arrow
   838 | D:2      | HP: 12/27 [jackal (3)]
  1008 | D:2      | Found a shadowy altar of Dithmenos.
  1217 | D:2      | Reached skill level 3 in Crossbows
  1507 | D:1      | Reached XP level 4. HP: 24/33 MP: 5/5
  1956 | D:3      | Found a bloodstained altar of Trog.
  2037 | D:3      | Found a hide-covered altar of Uskayaw.
  2137 | D:3      | Found a shattered altar of Ashenzari.
  2285 | D:3      | Reached XP level 5. HP: 39/39 MP: 6/6
  2785 | D:3      | HP: 15/39 [iguana (6)]
  2786 | D:3      | Reached skill level 1 in Dodging
  2977 | D:4      | Reached skill level 4 in Crossbows
  3014 | D:4      | Reached XP level 6. HP: 39/47 MP: 7/7
  3200 | D:4      | Found a runed door.
  3658 | D:4      | Reached XP level 7. HP: 43/52 MP: 8/8
  4051 | D:4      | Noticed Crazy Yiuf
  4055 | D:4      | HP: 25/52 [Crazy Yiuf/quarterstaff of chaos (2)]
  4056 | D:4      | Killed Crazy Yiuf
  4056 | D:4      | Reached skill level 5 in Crossbows
  4275 | D:5      | Entered Level 5 of the Dungeon
  4548 | D:5      | Found a glowing drain.
  4548 | D:5      | Noticed Prince Ribbit
  4569 | D:5      | HP: 24/53 [Prince Ribbit (5)]
  4579 | D:5      | HP: 22/53 [sky beast (4)]
  4584 | D:5      | HP: 14/53 [sky beast (4)]
  4585 | D:5      | Reached skill level 1 in Staves
  4630 | D:5      | Found a staircase to the Ecumenical Temple.
  4645 | Temple   | Entered the Ecumenical Temple
  4721 | Temple   | Became a worshipper of Zin the Law-Giver
  4721 | Temple   | Reached * piety under Zin
  4763 | D:5      | HP: 17/54 [Prince Ribbit (14)]
  4895 | Sewer    | Entered a sewer
  4998 | Sewer    | Reached XP level 8. HP: 58/60 MP: 9/9
  6140 | D:5      | Reached skill level 5 in Armour
  6433 | D:6      | HP: 25/60 [Prince Ribbit (13)]
  6439 | D:5      | Killed Prince Ribbit
  6439 | D:5      | Reached skill level 1 in Maces & Flails
  6439 | D:5      | Reached skill level 6 in Crossbows
  6439 | D:5      | Reached skill level 1 in Invocations
  6930 | D:6      | Reached skill level 5 in Fighting
  6947 | D:6      | Noticed a troll
  7018 | D:6      | Reached XP level 9. HP: 63/68 MP: 10/10
  7284 | D:7      | Noticed a hippogriff
  7287 | D:7      | HP: 32/68 [orc wizard/puff of flame (6)]
  7303 | D:5      | HP: 20/68 [troll (15)]
  7304 | D:5      | HP: 2/68 [troll (8)]
  7305 | D:5      | You fall through a shaft for 3 floors!
  7306 | D:8      | Slain by a jackal

Skill      XL: |  1  2  3  4  5  6  7  8 |
---------------+-------------------------+-----
Crossbows      | 1 2 3 4 5 6 |  6.5
Dodging        | 1 2 3 |  3.4
Fighting       | 3 4 5 |  5.0
Armour         | 4 5 |  5.5
Staves         | 1 |  1.2
Maces & Flails | 1 |  1.9
Invocations    | 2 |  2.5
Shields        | |  2.4
Spellcasting   | |  1.1
Earth Magic    | |  2.4

Action                   |  1- 3 |  4- 6 |  7- 9 || total
-------------------------+-------+-------+-------++-------
Melee: Unarmed           |    40 |       |   303 ||   343
       Dagger            |    96 |   118 |     7 ||   221
       Quarterstaff      |       |       |    32 ||    32
       Flail             |       |       |    72 ||    72
 Fire: Hand crossbow     |    20 |    58 |   137 ||   215
Invok: Recite            |       |       |     1 ||     1
 Abil: Shaft Self        |       |       |     1 ||     1
  Use: Scroll            |     1 |     9 |     5 ||    15
  Eat: Chunk             |     2 |     7 |     9 ||    18
       Ration            |       |       |     1 ||     1
Armor: Scale mail        |   121 |    82 |   219 ||   422
       Ring mail         |       |       |    22 ||    22
Dodge: Dodged            |   100 |    78 |   252 ||   430

Vault maps used:
D:1:      evilmike_arrival_plus, moated_statue
D:2:      nicolae_overflow_crystal_walls
D:3:      evilmike_ruin_ashenzari, marbit_many_paths, bloody_trog, minivault_4,
          serial_bayou_lagoon_a
D:4:      uniq_crazy_yiuf_cottage
D:5:      minmay_temple_entry_grid, portal_sewer_entry_b, first_ration,
          st_stairs_1, uniq_prince_ribbit1
D:7:      old_standard_altar, gammafunk_temple_overflow_arena, the_bakery,
          uniq_joseph
D:8:      dpeg_oklobed_lair, special_room, grunt_dithmenos_shadows
Temple:   regret_index_temple_waves
Sewer:    sewer_co_scattered_pipes
